 Dungeon Crawl Stone Soup version 0.26-a0-694-g74916bafe0 (webtiles) character file.

Game seed: 3431531093919239854

15591 Peloso the Blocker (level 12, -9/107 HPs)
             Began as a Minotaur Fighter on Oct 25, 2020.
             Was a High Priest of Okawaru.
             Mangled by a manticore (11 damage)
             ... summoned by Kirke
             ... on level 12 of the Dungeon.
             The game lasted 00:31:10 (12685 turns).

Peloso the Blocker (Minotaur Fighter)              Turns: 12685, Time: 00:31:11

Health: -9/107     AC:  0    Str: 24    XL:     12   Next: 2%
Magic:  11/11      EV: 14    Int:  5    God:    Okawaru [*****.]
Gold:   746        SH:  0    Dex: 12    Spells: 11/11 levels left

rFire    . . .     SeeInvis .   (weapon currently unavailable)
rCold    . . .     Faith    .   (shield currently unavailable)
rNeg     . . .     Spirit   .   (armour currently unavailable)
rPois    .         Reflect  .   (helmet currently unavailable)
rElec    .         Harm     .   (cloak currently unavailable)
rCorr    .         Rampage  .   (gloves currently unavailable)
MR       .....                  (boots currently unavailable)
Stlth    ++........             u - amulet of magic regeneration
HPRegen  0.27/turn              (ring currently unavailable)
MPRegen  0.37/turn              (ring currently unavailable)

@: pig-form, slowed
A: small, (retaliatory headbutt)
a: Heroism, Finesse, Renounce Religion


You were on level 12 of the Dungeon.
You worshipped Okawaru.
Okawaru was extremely pleased with you.
You were a filthy swine.
You visited 3 branches of the dungeon, and saw 15 of its levels.

You collected 746 gold pieces.

Inventory:

Hand Weapons
 a - a +2 long sword of electrocution (melded)
 b - a +1 short sword of draining
Armour
 c - a +0 kite shield (melded)
 g - a +0 pair of boots (melded)
 j - the +2 hat of Wuussov (melded) {rElec rPois}
   (Okawaru gifted it to you on level 11 of the Dungeon)

   It insulates you from electricity.
   It protects you from poison.
 o - a +1 pair of gloves (melded)
 p - a +0 plate armour (melded)
 B - a scarf of resistance (melded)
Jewellery
 u - an amulet of magic regeneration (around neck)
 G - a ring of magical power (melded)
 H - a +6 ring of intelligence
Wands
 m - a wand of acid (2)
 q - a wand of enslavement (6)
 r - a wand of iceblast (20)
 F - a wand of flame (24)
Scrolls
 e - 4 scrolls of amnesia
 f - 2 scrolls of immolation
 h - a scroll of enchant armour {unknown}
 k - 2 scrolls of identify
 l - 2 scrolls of teleportation
 n - 2 scrolls of fear
 y - 2 scrolls of fog {unknown}
 z - a scroll of acquirement
 D - a scroll of holy word
Potions
 d - 2 potions of might
 i - a potion of ambrosia
 s - a potion of brilliance
 t - 2 potions of lignification {unknown}
 v - 2 potions of stabbing
 w - 3 potions of curing
 A - 3 potions of haste
 C - a potion of cancellation
 E - a potion of mutation


   Skills:
 + Level 10.3 Fighting
 + Level 12.7 Long Blades
 + Level 11.0 Armour
 + Level 2.0 Dodging
 + Level 1.1 Stealth
 + Level 13.2 Shields
 + Level 0.1 Invocations
 + Level 1.5 Evocations


You had 11 spell levels left.
You didn't know any spells.
Your spell library contained the following spells:

 Spells                   Type           Power        Failure   Level
 Corona                   Hex            #......      47%         1
 Ensorcelled Hibernation  Hex/Ice        #.....       63%         2
 Poisonous Vapours        Pois/Air       #.....       63%         2
 Confusing Touch          Hex            #.......     85%         3
 Dazzling Flash           Conj/Hex       #.....       85%         3
 Spider Form              Tmut/Pois      #.........   85%         3
 Tukima's Dance           Hex            #.......     85%         3
 Fulminant Prism          Conj/Hex       #.........   99%         4
 Yara's Violent Unravell  Hex/Tmut       #.........   100%        5


Dungeon Overview and Level Annotations

Branches:
Dungeon (12/15)            Temple (1/1) D:5            Lair (2/6) D:10
 Shoals (0/4) Lair:2          Orc (0/2) D:11
  Snake: Lair:2-4    Spider: Lair:2-4

Altars:
Cheibriados
Dithmenos
Fedhas
Hepliaklqana
Okawaru
Qazlal
Ru
Sif Muna
Uskayaw
Vehumet
Yredelemnul

Annotations:
D:12 Kirke


Innate Abilities, Weirdness & Mutations

((You reflexively headbutt those who attack you in melee.))
((You have a pair of horns on your head.))


Message History

The manticore misses you. The manticore claws you.
* * * LOW HITPOINT WARNING * * *
The manticore misses you.
Unknown command.
You hit Kirke but do no damage.
Kirke is heavily wounded.
Kirke misses you. The manticore barely misses you. The manticore claws you.
* * * LOW HITPOINT WARNING * * *
The manticore claws you.
* * * LOW HITPOINT WARNING * * *
You barely miss Kirke.
Kirke is heavily wounded.
Kirke hits you.
* * * LOW HITPOINT WARNING * * *
The manticore bites you!
* * * LOW HITPOINT WARNING * * *
The manticore claws you!
* * * LOW HITPOINT WARNING * * *
The manticore claws you!
You die...

#......# ..#
#..##### ###
#..# #.>#
#.######..#
..........#
##<####.### #H#
#h# #@# #h# #k#
##.
##.####.##.....
....h.†........
.#...##.##.##..
#.. ... .. #.
##... #.#


You could see Kirke, a manticore (summoned), a lindwurm (summoned) and a hog.

Vanquished Creatures
  Rupert (D:11)
  A boulder beetle (D:11)
  A hydra (Lair:1)
  An ugly thing (D:11)
  A cyclops (D:11)
  A manticore (D:10)
  2 black mambas (Lair:1)
  2 cane toads (Lair:1)
  2 komodo dragons
  6 slime creatures
  A wraith (D:12)
  13 yaks
  A basilisk (Lair:2)
  A wyvern (D:9)
  2 hogs (D:12)
  An ice beast (D:6)
  3 water moccasins
  5 orc warriors
  A black bear (D:7)
  4 phantoms
  A necrophage (D:9)
  2 sky beasts
  2 ogres
  9 centaurs
  2 big kobolds (D:10)
  7 bullfrogs
  3 scorpions
  12 killer bees
  5 wights
  3 electric eels (D:11)
  A centaur zombie (D:10)
  8 hounds
  3 jellies
  A gnoll shaman (D:4)
  A bullfrog zombie (D:9)
  2 orc priests
  A bullfrog skeleton (D:4)
  Crazy Yiuf (D:7)
  14 orc wizards
  Ijyb (D:4)
  4 iguanas
  6 worker ants
  2 hound zombies
  7 gnolls
  A howler monkey skeleton (D:11)
  14 adders
  3 shadow imps
  4 white imps
  4 ufetubi
  2 oozes
  4 worms
  2 dart slugs (D:3)
  5 leopard geckos
  33 orcs
  7 bats
  5 giant cockroaches
  5 goblins
  3 hobgoblins
  15 jackals
  7 quokkas
  A ball python (D:6)
  5 frilled lizards
  15 kobolds
  6 rats
289 creatures vanquished.

Vanquished Creatures (others)
  11 fungi
  4 plants (Lair:2)
15 creatures vanquished.

Grand Total: 304 creatures vanquished

Notes
Turn   | Place    | Note
-------+----------+-------------------------------------------
     0 | D:1      | Peloso the Minotaur Fighter began the quest for the Orb.
     0 | D:1      | Reached XP level 1. HP: 19/19 MP: 0/0
   302 | D:1      | Reached XP level 2. HP: 27/27 MP: 1/1
   501 | D:1      | Reached skill level 4 in Shields
   855 | D:2      | Reached XP level 3. HP: 32/33 MP: 2/2
   931 | D:2      | Found a blossoming altar of Fedhas.
  1130 | D:2      | Reached XP level 4. HP: 36/40 MP: 3/3
  1365 | D:2      | Found a shadowy altar of Dithmenos.
  1646 | D:3      | Found a basalt altar of Yredelemnul.
  1764 | D:3      | Found a radiant altar of Vehumet.
  2272 | D:4      | Reached XP level 5. HP: 45/46 MP: 4/4
  2292 | D:4      | Noticed Ijyb
  2314 | D:4      | Killed Ijyb
  2314 | D:4      | Reached skill level 5 in Shields
  2395 | D:4      | Noticed an ogre
  2503 | D:4      | Killed an ogre
  2503 | D:4      | Reached skill level 5 in Armour
  2503 | D:4      | Reached XP level 6. HP: 45/53 MP: 5/5
  2680 | D:4      | Reached skill level 5 in Long Blades
  2688 | D:4      | Reached skill level 6 in Shields
  2939 | D:4      | Found a shadowy altar of Dithmenos.
  3006 | D:5      | Entered Level 5 of the Dungeon
  3067 | D:5      | Found a staircase to the Ecumenical Temple.
  3102 | D:5      | Reached XP level 7. HP: 42/60 MP: 6/6
  3106 | Temple   | Entered the Ecumenical Temple
  3204 | Temple   | Became a worshipper of Warmaster Okawaru
  3820 | D:6      | Reached skill level 1 in Dodging
  3823 | D:6      | Reached skill level 5 in Fighting
  3823 | D:6      | Reached skill level 7 in Shields
  3836 | D:5      | Reached * piety under Okawaru
  3915 | D:6      | Reached XP level 8. HP: 59/69 MP: 7/7
  4236 | D:6      | Reached ** piety under Okawaru
  4236 | D:6      | Reached skill level 8 in Shields
  4737 | D:7      | Found a runed translucent door.
  4738 | D:7      | Noticed Crazy Yiuf
  4745 | D:7      | Killed Crazy Yiuf
  5584 | D:8      | Reached XP level 9. HP: 69/75 MP: 8/8
  6435 | D:8      | Reached skill level 9 in Shields
  6456 | D:8      | Found a hazy altar of Hepliaklqana.
  6505 | D:8      | Found a shimmering blue altar of Sif Muna.
  6505 | D:8      | Found a sacrificial altar of Ru.
  6506 | D:8      | Found a blossoming altar of Fedhas.
  6741 | D:9      | Reached *** piety under Okawaru
  7657 | D:10     | Entered Level 10 of the Dungeon
  7737 | D:10     | Noticed a manticore
  7747 | D:10     | Killed a manticore
  7747 | D:10     | Reached skill level 10 in Long Blades
  7747 | D:10     | Reached skill level 10 in Shields
  8129 | D:10     | Reached XP level 10. HP: 86/86 MP: 9/9
  8294 | D:10     | Found a staircase to the Lair.
  8321 | D:10     | Identified a scroll of acquirement
  8434 | D:11     | Noticed a green ugly thing
  8440 | D:11     | Killed a green ugly thing
  8440 | D:11     | Reached **** piety under Okawaru
  8440 | D:11     | Reached skill level 1 in Stealth
  8962 | D:11     | Reached skill level 11 in Shields
  9438 | D:11     | Noticed a cyclops
  9447 | D:11     | Killed a cyclops
  9550 | D:11     | Identified the Volume of Entrancing Venom
  9577 | D:11     | Noticed a boulder beetle
  9600 | D:11     | Killed a boulder beetle
  9600 | D:11     | Reached ***** piety under Okawaru
 10084 | D:11     | Reached skill level 12 in Shields
 10234 | D:11     | Found a staircase to the Orcish Mines.
 10320 | Lair:1   | Entered Level 1 of the Lair of Beasts
 10326 | Lair:1   | Reached skill level 10 in Armour
 10329 | Lair:1   | Noticed a black mamba
 10334 | Lair:1   | Killed a black mamba
 10334 | Lair:1   | Reached XP level 11. HP: 85/94 MP: 10/10
 10543 | Lair:1   | Received a gift from Okawaru
 11145 | Lair:1   | Noticed a five-headed hydra
 11159 | Lair:1   | Killed a five-headed hydra
 11159 | Lair:1   | Reached skill level 1 in Evocations
 11657 | Lair:2   | Noticed an eight-headed hydra
 11667 | Lair:2   | Found a staircase to the Shoals.
 12217 | D:12     | Noticed Rupert
 12436 | D:11     | Reached skill level 13 in Shields
 12458 | D:11     | Killed Rupert
 12458 | D:11     | Received a gift from Okawaru
 12458 | D:11     | Reached skill level 10 in Fighting
 12461 | D:11     | Got a heavily runed hat {god gift}
 12467 | D:11     | Identified the +2 hat of Wuussov {rElec rPois} (Okawaru
                  | gifted it to you on level 11 of the Dungeon)
 12649 | D:12     | Reached XP level 12. HP: 106/106 MP: 11/11
 12662 | D:12     | Noticed Kirke
 12685 | D:12     | HP: 2/107 [manticore[Kirke] (10)]
 12685 | D:12     | Mangled by a manticore

Illustrated notes

Levels and vault maps discovered:
D:1:      dpeg_arrival_snail, layout_basic
D:2:      layout_loops_ring, nicolae_overflow_hidden_temple, fedhas_altar_3
D:3:      layout_basic, lemuel_crystal_altar, vehumet_crystals
D:4:      layout_rooms, grunt_dithmenos_shadows, uniq_ijyb
D:5:      layout_basic, minmay_temple_entry_junction_2
D:6:      layout_rooms
D:7:      layout_basic, uniq_crazy_yiuf_cottage
D:8:      layout_gridville, kennysheep_mini, gammafunk_temple_overflow_claw
D:9:      layout_layer_cave
D:10:     layout_loops_ring, lair_entry_dummy, small_statue_alley_b
D:11:     layout_basic, erik_orc_2, kennysheep_generic_room_7
D:12:     layout_loops_ring, uniq_nergalle, uniq_kirke, uniq_rupert
Temple:   regret_index_temple_waves
Lair:1:   layout_cave_pods, infiniplex_staircase_pool, lemuel_fruit_fields,
          lemuel_fruit_tree
Lair:2:   layout_misc_corridors, elwin_shoals_entry_rocks

Skill      XL: |  1  2  3  4  5  6  7  8  9 10 11 |
---------------+----------------------------------+-----
Shields        | 4 5 6 7 8 10 12 13 | 13.2
Armour         | 4 5 7 9 10 11 | 11.0
Fighting       | 4 5 6 7 8 10 | 10.3
Long Blades    | 3 4 5 6 8 10 11 12 | 12.7
Dodging        | 1 2 |  2.0
Stealth        | 1 |  1.1
Evocations     | 1 |  1.5
Invocations    | |  0.1

Action                   |  1- 3 |  4- 6 |  7- 9 | 10-12 || total
-------------------------+-------+-------+-------+-------++-------
Melee: Long sword        |    92 |   145 |   268 |   377 ||   882
       Headbutt          |    14 |    23 |    50 |    79 ||   166
       Unarmed           |       |       |       |     3 ||     3
Invok: Heroism           |       |       |       |     3 ||     3
Evoke: Wand              |       |       |       |    12 ||    12
  Use: Potion            |     1 |     2 |     1 |     3 ||     7
       Scroll            |       |     3 |     9 |     9 ||    21
Armor: Scale mail        |    45 |     7 |       |       ||    52
       Chain mail        |       |    89 |       |       ||    89
       Plate armour      |       |    13 |   211 |   198 ||   422
Dodge: Dodged            |    27 |    54 |    81 |   115 ||   277
Block: Kite shield       |    61 |   130 |   227 |   266 ||   684
       Rpst.: Long sword |     7 |     9 |    20 |    29 ||    65

Table legend: (Time is in decaauts)
 A = Elapsed time spent in this place.
 B = Non-inter-level travel time spent in this place.
 C = Inter-level travel time spent in this place.
 D = Time resting spent in this place.
 E = Time spent auto-exploring this place.
 F = Levels seen in this place.
 G = Mean time per level.
                   A        B        C        D        E       F      G
               +--------+--------+--------+--------+--------+-----+--------+
         Total |  12725 |  12360 |    365 |   1835 |   7675 |  15 |  848.3 |
       Dungeon |  10867 |  10585 |    282 |   1528 |   6491 |  12 |  905.6 |
        Temple |    118 |    118 |      0 |      0 |     86 |   1 |  118.0 |
          Lair |   1739 |   1656 |     83 |    307 |   1098 |   2 |  869.5 |
               +--------+--------+--------+--------+--------+-----+--------+

Top non-repeatable levels by time:
    D:11: 1956 daAuts
  Lair:1: 1663 daAuts
     D:7: 1444 daAuts
    D:10: 1085 daAuts
     D:9: 939 daAuts
     D:3: 892 daAuts
     D:8: 843 daAuts
     D:1: 825 daAuts
     D:5: 748 daAuts
     D:4: 680 daAuts
     D:2: 671 daAuts
     D:6: 575 daAuts
    D:12: 205 daAuts
  Temple: 118 daAuts
  Lair:2: 76 daAuts
